cohdb
Replays
Latest Replays
All Replays
Popular Replays
Top Player Replays
Match Explorer
How It Works
Community
CoH3 Stats
Reddit
Sign in to upload your games and track your stats! →
Sign in with Steam
Match 46272535
Unlisted
Match 46272535
Overview
Messages
Build Orders
End
Kettenkrad Recon Vehicle
Construct Infanterie Kompanie
MG 42 Machine Gun Team
Grenadier Squad
Grenadier Squad
Construct Panzergrenadier Kompanie
Selects Mechanized Battlegroup
251 Medium Carrier
Selects Mobile Repair Stations
Pak 40 Anti-tank Gun Team
Panzergrenadier Squad
Construct Luftwaffe Kompanie
Selects Wespe Self-propelled Artillery
Kettenkrad Recon Vehicle
Wespe Self-propelled Artillery
Support Elements
Pak 40 Anti-tank Gun Team
Marder III M Tank Destroyer
Selects Zeroing Artillery Barrage
BUGII
Jerking Hans
PornHub intro song
DebaKLeTV
mugirara
HolyMolyEmpire
0
0
Comments
sign in to comment!
No comments posted yet!